 Dungeon Crawl Stone Soup version 0.31-a0-844-gdc52ec4e09 (webtiles) character file.

Game seed: 17735914932565008591

1688 mcwallace the Skirmisher (level 9, 0/56 HPs)
             Began as a Kobold Hunter on Sept 29, 2023.
             Slain by a sleepcap (6 damage)
             ... on level 6 of the Dungeon.
             The game lasted 00:14:20 (6243 turns).

mcwallace the Skirmisher (Kobold Hunter)            Turns: 6243, Time: 00:14:21

Health: 0/56       AC:  4    Str:  8    XL:     9   Next: 22%
Magic:  9/9        EV: 19    Int: 10    God:
Gold:   240        SH:  0    Dex: 23    Spells: 8/8 levels left

rFire   + . .        a - +0 shortbow {bow}
rCold   + . .        (shield currently unavailable)
rNeg    . . .        c - +0 leather armour
rPois   +            (no helmet)
rElec   +            (no cloak)
rCorr   +            (no gloves)
SInv    .            R - +0 pair of boots
Will    .....        (no amulet)
Stlth   +++++        G - ring of wizardry
HPRegen 0.29/turn    I - ring of flight
MPRegen 0.11/turn

%: wizardry (x1)
@: mighty, lethally poisoned (0 -> -4), resistant, attractive, flying
A: small, no large weapons, nightstalker 3
a: no special abilities


You were on level 6 of the Dungeon.
You visited 2 branches of the dungeon, and saw 7 of its levels.

You collected 240 gold pieces.


Innate Abilities, Weirdness & Mutations

You are small and have problems with some larger weapons.
You are completely attuned to the shadows.


   Skills:
 + Level 6.4 Fighting
 + Level 9.1 Ranged Weapons
 + Level 7.0 Dodging
 + Level 8.0 Stealth


You had 8 spell levels left.
You didn't know any spells.
Your spell library contained the following spells:

 Spells                   Type           Power      Damage    Failure   Level
 Foxfire                  Conj/Fire      0%         2x1d4     22%         1
 Magic Dart               Conj           0%         1d3       22%         1
 Searing Ray              Conj           0%         2d4       32%         2
 Anguish                  Hex/Necr       0%         N/A       89%         4
 Cause Fear               Hex            0%         N/A       89%         4
 Fulminant Prism          Conj/Hex       0%         3d5       89%         4
 Plasma Beam              Fire/Air       0%         2x1d10    100%        6
 Starburst                Conj/Fire      0%         6d3       100%        6
 Enfeeble                 Hex            0%         N/A       100%        7

Inventory:

Hand Weapons
 a - a +0 shortbow (weapon) {bow}
 j - a +2 short sword of freezing {short}
   (You took it off an orc on level 5 of the Dungeon)
 C - a +4 dagger {short}
   (You took it off an orc wizard on level 5 of the Dungeon)
 N - a +3 flail of draining {mace}
   (You took it off Edmund on level 5 of the Dungeon)
Missiles
 g - 14 stones {throwing}
 l - 11 boomerangs {throwing}
 x - 21 poisoned darts {throwing}
Armour
 b - a +0 ring mail
   (You took it off an orc on level 4 of the Dungeon)
 c - a +0 leather armour (worn)
 f - a +0 ring mail
   (You found it on level 1 of the Dungeon)
 k - a +0 robe
   (You took it off Jessica on level 2 of the Dungeon)
 q - a +0 robe
   (You took it off an orc wizard on level 3 of the Dungeon)
 t - a +0 chain mail
   (You found it on level 3 of the Dungeon)
 v - a +0 ring mail
   (You found it on level 3 of the Dungeon)
 y - a +0 scale mail
   (You took it off a kobold on level 4 of the Dungeon)
 z - a +0 robe
   (You took it off an orc wizard on level 4 of the Dungeon)
 A - a +0 chain mail
   (You found it on level 4 of the Dungeon)
 B - a +0 robe
   (You took it off an orc wizard on level 5 of the Dungeon)
 D - a +0 chain mail
   (You took it off an orc warrior on level 5 of the Dungeon)
 E - a +0 leather armour
   (You took it off an orc on level 5 of the Dungeon)
 F - a +0 leather armour
   (You took it off an orc on level 5 of the Dungeon)
 K - a +0 robe
   (You took it off an orc wizard on level 5 of the Dungeon)
 L - a +0 robe
   (You took it off an orc wizard on level 5 of the Dungeon)
 M - a +0 leather armour
   (You took it off an orc on level 5 of the Dungeon)
 O - a +0 scale mail
   (You took it off Edmund on level 5 of the Dungeon)
 R - a +0 pair of boots (worn)
   (You found it on level 5 of the Dungeon)
 S - a +0 robe
   (You found it on level 5 of the Dungeon)
 U - a +0 robe
   (You took it off Sigmund on level 6 of the Dungeon)
 W - a +0 scale mail
   (You found it on level 6 of the Dungeon)
Jewellery
 G - a ring of wizardry (left hand)
   (You took it off an orc priest on level 5 of the Dungeon)
 I - a ring of flight (right hand)
   (You found it on level 5 of the Dungeon)
Talismans
 w - a maw talisman
   (You found it on level 4 of the Dungeon)
Wands
 P - a wand of flame (2)
   (You took it off Edmund on level 5 of the Dungeon)
 V - a wand of polymorph (9)
   (You took it off Sigmund on level 6 of the Dungeon)
Scrolls
 e - 3 scrolls of blinking {!r}
 h - 2 scrolls of enchant weapon {unknown}
 i - a scroll of acquirement {unknown}
 m - 4 scrolls of identify {unknown}
 o - 2 scrolls of teleportation {unknown}
 u - a scroll of amnesia {unknown}
 H - a scroll of summoning {unknown}
 J - a scroll of vulnerability {unknown}
Potions
 d - 2 potions of resistance
 p - a potion of brilliance {unknown}
 r - a potion of mutation {unknown}
 s - a potion of degeneration {unknown}
 T - a potion of haste {unknown}

Dungeon Overview and Level Annotations

Branches:
Dungeon (6/15) Zot: 26549  Temple (1/1) D:5 Zot: 5892

Altars:
Ashenzari
Cheibriados
Dithmenos
Elyvilon
Kikubaaqudgha
Nemelex Xobeh
Okawaru
Qazlal
Ru
Trog
Vehumet
Wu Jian
Yredelemnul
Zin
The Shining One

Shops:
D:2 [**   D:4 ?=?[

#..##...##
#..##.#..##
#..##.##..##
#..##.###..##
h.# #.
##...## #S##
.......###o.#
###.##..##..#
#.###..#[.#
.. ##@f..#
####.# .# ##


You could see a sleepcap.


Message History

You feel very sick. Something hits you but does no damage.
You are more poisoned. 😮 HP[-4]
You take 4 damage, and now have 42/56 hp.
Fire: a) +0 shortbow {bow}
Press: ? - help, Q - select action, (/) - cycle Shift-Dir - straight line, f - sleepcap
Aim: a sleepcap (98% to hit)
You shoot an arrow. The arrow hits the sleepcap.
You feel very sick. Something hits you. Something barely misses you. 😮 HP[-6]
You take 6 damage, and now have 36/56 hp.
Fire: a) +0 shortbow {bow}
Press: ? - help, Q - select action, (/) - cycle Shift-Dir - straight line, p - sleepcap You shoot an arrow.
The arrow hits the sleepcap but does no damage.
You feel very sick. Something hits you but does no damage.
You are more poisoned. 😮 HP[-3]
You take 3 damage, and now have 33/56 hp.
Fire: a) +0 shortbow {bow}
Press: ? - help, Q - select action, (/) - cycle Shift-Dir - straight line You shoot an arrow.
The arrow hits the sleepcap.
You feel very sick.
You hear some strange, mumbled words.
You are confused. 😮 HP[-3]
You take 3 damage, and now have 30/56 hp.
Non-targeted confused fire: a) +0 shortbow {bow}
Press: ? - help, Q - select action, (/) - cycle Dir - look around, f - activate You shoot an arrow.
You feel very sick. 😨 HP[-4]
You take 4 damage, and now have 26/56 hp.
It was a potion of resistance.
You feel protected.
You feel sick. Something hits you.
* * * LOW HITPOINT WARNING * * *
😨 HP[-5]
You take 5 damage, and now have 21/56 hp.
It was a potion of attraction.
You feel attractive to monsters.
You feel very sick. Something hits you.
* * * LOW HITPOINT WARNING * * *
😱 HP[-7]
You take 7 damage, and now have 14/56 hp.
It was a potion of might.
You feel very mighty all of a sudden.
You feel sick. Something hits you.
* * * LOW HITPOINT WARNING * * *
😱 HP[-3]
You take 3 damage, and now have 11/56 hp.
It was a potion of curing.
You feel better. Something hits you.
* * * LOW HITPOINT WARNING * * *
😨 HP[+10]
You regained 10 hp, and now have 21/56 hp.
Fire: a) +0 shortbow {bow}
Press: ? - help, Q - select action, (/) - cycle Shift-Dir - straight line, f - sleepcap
Aim: a sleepcap (moderately damaged, 98% to hit)
You shoot an arrow.
The arrow hits the sleepcap but does no damage.
Something hits you.
* * * LOW HITPOINT WARNING * * *
You are poisoned. 😨 HP[-2]
You take 2 damage, and now have 19/56 hp.
Fire: a) +0 shortbow {bow}
Press: ? - help, Q - select action, (/) - cycle Shift-Dir - straight line, f/p - sleepcap
Aim: a sleepcap (moderately damaged, 98% to hit)
You shoot an arrow.
Reactivating autopickup.
You feel a bit more experienced.
You feel very sick. 😨 HP[-2]
You take 2 damage, and now have 17/56 hp.
Fire: a) +0 shortbow {bow}
Press: ? - help, Q - select action, (/) - cycle Shift-Dir - straight line, f/p - sleepcap
Aim: a sleepcap (moderately damaged, 98% to hit)
You shoot an arrow. The arrow hits the sleepcap.
You feel sick. The sleepcap releases spores at you.
* * * LOW HITPOINT WARNING * * *
😱 HP[-6]
You take 6 damage, and now have 11/56 hp.
Fire: a) +0 shortbow {bow}
Press: ? - help, Q - select action, (/) - cycle Shift-Dir - straight line, f/p - sleepcap
Aim: a sleepcap (heavily damaged, 98% to hit)
You shoot an arrow. The arrow hits the sleepcap!
You feel sick. The sleepcap releases spores at you.
* * * LOW HITPOINT WARNING * * *
😱 HP[-5]
You take 5 damage, and now have 6/56 hp.
Aiming: Throw Flame
Press: ? - help, Q - select action, (/) - cycle Shift-Dir - straight line, f/p - sleepcap
Aim: a sleepcap (severely damaged, 100% to hit)
The puff of flame hits the sleepcap.
You feel sick. The sleepcap releases spores at you.
You die...

Skill      XL: |  1  2  3  4  5  6  7  8  9 |
---------------+----------------------------+-----
Stealth        | 2 3 4 5 7 8 |  8.0
Dodging        | 3 4 5 6 7 |  7.0
Fighting       | 3 4 6 |  6.4
Ranged Weapons | 6 7 8 9 |  9.1

Action                     |  1- 3 |  4- 6 |  7- 9 || total
---------------------------+-------+-------+-------++-------
  Melee: Unarmed           |       |       |     4 ||     4
         Shortbow          |       |       |     3 ||     3
   Fire: Shortbow          |    89 |   131 |   200 ||   420
  Evoke: Wand              |       |       |     1 ||     1
    Use: Scroll            |       |     3 |     1 ||     4
         Potion            |       |       |     4 ||     4
 Armour: Leather armour    |     8 |    39 |    67 ||   114
         Skin              |       |       |     1 ||     1
  Dodge: Dodged            |    29 |    54 |   128 ||   211

Levels and vault maps discovered:
D:1:      wander_arrival_lonely_grave, layout_basic
D:2:      layout_loops_ring, serial_shops, nicolae_diamond_shop, shop,
          nicolae_shop_back_alley_shop, basic_altar, uniq_jessica
D:3:      layout_basic, dreamdust_wishing_well
D:4:      layout_rooms, nicolae_wooded_promenade
D:5:      cheibrodos_quashed, layout_basic, minmay_temple_entry_glass,
          uniq_edmund
D:6:      layout_loops_ring, makhleb_altar_promises_db,
          minmay_manual_mandibuliform, uniq_sigmund
Temple:   eino_temple_water

Notes
Turn   | Place    | Note
-------+----------+-------------------------------------------
     0 | D:1      | mcwallace the Kobold Hunter began the quest for the Orb.
     0 | D:1      | Reached XP level 1. HP: 12/12 MP: 1/1
     0 | D:1      | magus.rc [v1.9.6]
    45 | D:1      | Reached XP level 2. HP: 18/18 MP: 2/2
   140 | D:1      | Reached skill level 2 in Stealth
   203 | D:1      | You pick up a book of Conjurations {@e2} and begin
                  | reading...
   203 | D:1      | You add the spells Magic Dart, Searing Ray and Fulminant
                  | Prism to your library.
   259 | D:1      | Reached XP level 3. HP: 6/22 MP: 3/3
   260 | D:1      | HP: 3/22 [frozen (3)]
   515 | D:1      | Reached skill level 3 in Dodging
   817 | D:2      | Found Doheg's Assorted Antiques.
   862 | D:2      | Found Cegre's General Store.
   865 | D:2      | Noticed Jessica
   870 | D:2      | Killed Jessica
   871 | D:2      | Reached skill level 3 in Fighting
   871 | D:2      | Reached skill level 3 in Stealth
   871 | D:2      | Reached XP level 4. HP: 14/28 MP: 4/4
   934 | D:2      | You pick up a book of Fire and begin reading...
   934 | D:2      | You add the spells Foxfire, Plasma Beam and Starburst to
                  | your library.
   999 | D:2      | Found a snail-covered altar of Cheibriados.
  1170 | D:2      | Found Nonumes's Armour Shoppe.
  1358 | D:2      | Reached skill level 6 in Ranged Weapons
  1748 | D:3      | Reached XP level 5. HP: 30/32 MP: 5/5
  2560 | D:4      | Noticed an ogre
  2564 | D:4      | Reached skill level 4 in Dodging
  2572 | D:4      | HP: 6/32 [orc priest/divine providence (11)]
  2694 | D:4      | Reached XP level 6. HP: 37/37 MP: 6/6
  2705 | D:4      | Reached skill level 4 in Stealth
  3006 | D:4      | Found Fotargh's Armour Emporium.
  3008 | D:4      | Found Teckehaq's Magic Scroll Boutique.
  3008 | D:4      | Found Warum's Jewellery Shoppe.
  3010 | D:4      | Found Hyutub's Magic Scroll Shop.
  3273 | D:4      | Reached skill level 4 in Fighting
  3459 | D:5      | Entered Level 5 of the Dungeon
  3463 | D:5      | Noticed Edmund
  3482 | D:4      | Reached XP level 7. HP: 21/43 MP: 7/7
  3607 | D:5      | Reached skill level 7 in Ranged Weapons
  3607 | D:5      | Reached skill level 5 in Stealth
  3611 | D:5      | HP: 11/44 [something (2)]
  3625 | D:5      | HP: 8/44 [orc priest/nerve-wracking pain (6)]
  3633 | D:5      | HP: 6/44 [orc/+0 hand axe (4)]
  3886 | D:5      | Reached skill level 5 in Dodging
  4396 | D:5      | Reached XP level 8. HP: 27/48 MP: 8/8
  4399 | D:5      | Reached skill level 5 in Fighting
  4399 | D:5      | Reached skill level 6 in Stealth
  4756 | D:5      | Killed Edmund
  4757 | D:5      | Reached skill level 8 in Ranged Weapons
  4892 | D:5      | You pick up a book of Hexes and begin reading...
  4892 | D:5      | You add the spells Anguish, Cause Fear and Enfeeble to your
                  | library.
  5092 | D:5      | Found a staircase to the Ecumenical Temple.
  5099 | Temple   | Entered the Ecumenical Temple
  5237 | D:5      | Reached skill level 6 in Dodging
  5239 | D:5      | HP: 12/50 [poisoned by a scorpion]
  5803 | D:6      | Reached skill level 7 in Stealth
  5887 | D:6      | Noticed Sigmund
  5936 | D:6      | Killed Sigmund
  6115 | D:6      | Reached skill level 6 in Fighting
  6115 | D:6      | Reached XP level 9. HP: 39/55 MP: 9/9
  6215 | D:6      | Reached skill level 9 in Ranged Weapons
  6226 | D:6      | Reached skill level 7 in Dodging
  6226 | D:6      | Reached skill level 8 in Stealth
  6236 | D:6      | HP: 14/56 [something (5)]
  6241 | D:6      | HP: 11/56 [sleepcap (4)]
  6243 | D:6      | Slain by a sleepcap

Vanquished Creatures
  Sigmund (D:6)
  Edmund (D:5)
  A water moccasin (D:6)
  An orc warrior (D:5)
  A centaur (D:6)
  2 ogres
  A phantom (D:4)
  A bullfrog (D:6)
  4 scorpions
  3 orc priests
  5 hounds
  2 jellies
  Jessica (D:2)
  6 orc wizards
  3 adders
  An ufetubus (D:6)
  A worm (D:2)
  3 dart slugs
  15 orcs
  7 endoplasms
  3 giant cockroaches
  6 goblins
  8 hobgoblins
  5 jackals (D:1)
  2 quokkas
  4 ball pythons
  2 bats
  7 frilled lizards
  10 kobolds
  3 rats (D:1)
110 creatures vanquished.

Table legend:
 A = Non-vault XP
 B = Vault XP
 C = Vault XP percentage of total XP
 D = Non-vault monster count
 E = Vault monster count
 F = Vault count percentage of total count
                 A         B        C        D         E       F
            +---------+---------+-------+---------+---------+-------
      Total |    1637 |     775 |  32.1 |     100 |      10 |   9.1
            +---------+---------+-------+---------+---------+-------
        D:1 |      42 |       0 |   0.0 |      24 |       0 |   0.0
        D:2 |      30 |      37 |  55.2 |      15 |       1 |   6.2
        D:3 |      60 |       0 |   0.0 |      14 |       0 |   0.0
        D:4 |     485 |       0 |   0.0 |      22 |       0 |   0.0
        D:5 |     810 |     153 |  15.9 |      22 |       1 |   4.3
        D:6 |     210 |     585 |  73.6 |       3 |       8 |  72.7
            +---------+---------+-------+---------+---------+-------

Skill      XL: |  1  2  3  4  5  6  7  8  9 |
---------------+----------------------------+-----
Stealth        | 2 3 4 5 7 8 |  8.0
Dodging        | 3 4 5 6 7 |  7.0
Fighting       | 3 4 6 |  6.4
Ranged Weapons | 6 7 8 9 |  9.1

Action                     |  1- 3 |  4- 6 |  7- 9 || total
---------------------------+-------+-------+-------++-------
  Melee: Unarmed           |       |       |     4 ||     4
         Shortbow          |       |       |     3 ||     3
   Fire: Shortbow          |    89 |   131 |   200 ||   420
  Evoke: Wand              |       |       |     1 ||     1
    Use: Scroll            |       |     3 |     1 ||     4
         Potion            |       |       |     4 ||     4
 Armour: Leather armour    |     8 |    39 |    67 ||   114
         Skin              |       |       |     1 ||     1
  Dodge: Dodged            |    29 |    54 |   128 ||   211

Illustrated notes

Table legend:
 A = Kills in this place as a percentage of kills in the entire game.
 B = Kills by you in this place as a percentage of kills by you in the entire game.
 C = Kills by friends in this place as a percentage of kills by friends in the entire game.
 D = Other kills in this place as a percentage of other kills in the entire game.
 E = Experience gained in this place as a percentage of experience gained in the entire game.
 F = Experience gained in this place divided by the number of levels of this place that you have seen.
                   A       B       C       D       E      F
               +-------+-------+-------+-------+-------+----------------------
         Total | 100.0 | 100.0 |   N/A |   N/A | 100.0 | 344.6
       Dungeon | 100.0 | 100.0 |   N/A |   N/A | 100.0 | 402.0
               +-------+-------+-------+-------+-------+----------------------

Table legend: (Time is in decaauts)
 A = Elapsed time spent in this place.
 B = Non-inter-level travel time spent in this place.
 C = Inter-level travel time spent in this place.
 D = Time resting spent in this place.
 E = Time spent auto-exploring this place.
 F = Levels seen in this place.
 G = Mean time per level.
                   A        B        C        D        E       F      G
               +--------+--------+--------+--------+--------+-----+--------+
         Total |   6295 |   5885 |    410 |    427 |   4522 |   7 |  899.3 |
       Dungeon |   6187 |   5883 |    304 |    427 |   4522 |   6 | 1031.2 |
        Temple |    107 |      1 |    106 |      0 |      0 |   1 |  107.0 |
               +--------+--------+--------+--------+--------+-----+--------+

Top non-repeatable levels by time:
     D:5: 1822 daAuts
     D:4: 1441 daAuts
     D:3: 1031 daAuts
     D:2: 859 daAuts
     D:1: 595 daAuts
     D:6: 438 daAuts
  Temple: 107 daAuts
